 Dungeon Crawl Stone Soup version 0.21.1-1-g345015fe64 (webtiles) character file.

509472 Ivernyr the Hand of Fortune (level 23, -11/188 (190) HPs)
             Began as a Demonspawn Skald on Apr 23, 2018.
             Was the Champion of Nemelex Xobeh.
             Killed from afar by a hellion (18 damage)
             ... with damnation
             ... summoned by a deep elf demonologist
             ... on level 3 of the Elven Halls on Apr 25, 2018.
             The game lasted 08:31:11 (81854 turns).

Ivernyr the Hand of Fortune (Demonspawn Skald)     Turns: 81854, Time: 08:31:11

HP:   -11/188 (190) AC: 30    Str: 14      XL:     23   Next: 90%
MP:   0/39          EV: 30    Int: 13 (14) God:    Nemelex Xobeh [******]
Gold: 4179          SH:  0    Dex: 31      Spells: 30/46 levels left

rFire    . . .     SeeInvis +   a - +9 triple sword (elec)
rCold    + . .     Gourm    .   (shield currently unavailable)
rNeg     . . .     Faith    .   O - +7 swamp dragon scales
rPois    +         Spirit   +   (helmet unavailable)
rElec    .         Reflect  .   S - scarf {repulsion}
rCorr    .         Harm     .   W - +2 pair of gloves {Dex+3}
MR       +....                  o - +1 pair of boots
Stlth    +++.......             Q - amulet of regeneration
HPRegen  0.81/turn              D - +4 ring of evasion
MPRegen  0.52/turn              M - +4 ring of slaying

@: agile, repel missiles
A: antennae 3, beak, rugged brown scales 3, agile 1, cold resistance 1,
deterioration 1, powered by pain 2, evolution 1, magic shield, magic
regeneration, magic link
}: 3/15 runes: decaying, silver, gossamer
a: Triple Draw, Deal Four, Stack Five, Renounce Religion


You were on level 3 of the Elven Halls.
You worshipped Nemelex Xobeh.
Nemelex Xobeh was exalted by your worship.
You were not hungry.

You visited 9 branches of the dungeon, and saw 43 of its levels.
You visited the Abyss 4 times.
You also visited: Labyrinth and Ossuary.

You collected 5514 gold pieces.
You spent 1335 gold pieces at shops.

Inventory:

Hand Weapons
 a - a +9 triple sword of electrocution (weapon)
Armour
 g - quicksilver dragon scales
 o - a +1 pair of boots (worn)
 O - +7 swamp dragon scales (worn)
 S - a scarf of repulsion (worn)
 W - a +2 pair of gloves of dexterity (worn)
Jewellery
 b - the ring "Vihilam" {rC+ rN++}
   (You found it on level 14 of the Dungeon)

   [ring of protection from cold]

   It protects you from cold.
   It greatly protects you from negative energy.
 D - a +4 ring of evasion (left hand)
 M - a +4 ring of slaying (right hand)
 Q - an amulet of regeneration (around neck)
Scrolls
 h - 2 scrolls of fog
 j - 10 scrolls of magic mapping
 k - 2 scrolls of enchant weapon
 l - 15 scrolls of teleportation
 m - 10 scrolls of remove curse
 u - 5 scrolls of fear
 w - 4 scrolls of summoning
 y - a scroll of torment
 F - 8 scrolls of amnesia
 H - 2 scrolls of identify
 I - 2 scrolls of enchant armour
 P - 2 scrolls of blinking
 R - 2 scrolls of silence
 U - 5 scrolls of brand weapon
Potions
 e - 9 potions of ambrosia
 i - 5 potions of flight
 n - 21 potions of curing
 p - 5 potions of haste
 r - 2 potions of resistance
 s - 2 potions of heal wounds
 t - 3 potions of cancellation
 v - 4 potions of brilliance
 x - 2 potions of mutation
 z - 3 potions of invisibility
 B - 6 potions of magic
 E - 3 potions of might
 G - 5 potions of agility
 Z - a potion of berserk rage
Miscellaneous
 c - an ornate deck of destruction {drawn: 6}
 f - a plain deck of escape
 A - an ornate deck of summoning
 C - a legendary deck of destruction {drawn: 1}
 L - an ornate deck of escape {drawn: 3}
 T - a legendary deck of summoning
 V - a legendary deck of escape {drawn: 7}
 X - an ornate deck of destruction
Comestibles
 d - 42 rations


   Skills:
 + Level 14.0 Fighting
 + Level 16.5 Long Blades
 * Level 20.8 Armour
 - Level 10.0 Dodging
 - Level 12.1 Spellcasting
 - Level 10.0 Charms
 - Level 10.1 Translocations
 + Level 23.8 Invocations


You had 30 spell levels left.
You knew the following spells:

 Your Spells              Type           Power        Failure   Level  Hunger
a - Shroud of Golubria    Chrm/Tloc      ####......   1%          2    None
b - Song of Slaying       Chrm           ####....     1%          2    None
c - Infusion              Chrm           ####         1%          1    None
d - Regeneration          Chrm/Necr      ###.......   4%          3    None
e - Blink                 Tloc           N/A          1%          2    None
f - Passage of Golubria   Tloc           N/A          1%          4    ###....
g - Passwall              Tmut/Erth      #.........   21%         2    None


Dungeon Overview and Level Annotations

Branches:
Dungeon (15/15)            Temple (1/1) D:4            Lair (6/6) D:9
  Swamp (4/4) Lair:3       Spider (4/4) Lair:4        Slime (0/5) Lair:5
    Orc (2/2) D:9             Elf (3/3) Orc:2        Vaults (5/5) D:14
  Crypt (0/3) Vaults:3     Depths (3/5) D:15

Altars:
Ashenzari
Cheibriados
Elyvilon
Gozag
Hepliaklqana
Kikubaaqudgha
Makhleb
Nemelex Xobeh
Okawaru
Qazlal
Ru
Sif Muna
Trog
Uskayaw
Vehumet
Wu Jian
Zin
The Shining One

Shops:
D:5 [!(%   D:11 =   D:13 %   D:14 *   Orc:1 *   Orc:2 ?=[=*   Elf:2 =
Vaults:2 !   Vaults:3 *?:([   Depths:2 [

Portals:
Hell: Depths:1 Depths:2
Abyss: Depths:1 Depths:2
Pandemonium: Depths:3
Ziggurat: Depths:2

Annotations:
D:5 hofbold's ghost, novice DsBe


Innate Abilities, Weirdness & Mutations

You have a pair of large antennae on your head. (SInv)
You are completely covered in rugged brown scales. (AC +3, +7% HP)
Your flesh is cold resistant. (rC+)
You sometimes gain power by taking damage.
When hurt, damage is shared between your health and your magic reserves.
You regenerate magic rapidly.
When low on magic, you restore magic in place of health.
You have a beak for a mouth.
You are agile. (Dex +2)
Your body sometimes deteriorates upon taking damage.
You evolve.


Message History

The hellion gestures at you.
The sphere of damnation explodes!
The damnation engulfs you!
* * * LOW HITPOINT WARNING * * *
You focus on the pain.
You feel agile all of a sudden.
The damnation engulfs the hellion.
The hellion completely resists.
The deep elf demonologist gestures wildly while chanting.
The soul eater draws from the surrounding life force!
* * * LOW HITPOINT WARNING * * *
You barely miss the hellion. You peck the hellion, but do no damage.
The hellion is severely wounded.
The hellion closely misses you.
You riposte.
You barely miss the hellion.
The hellion is severely wounded.
The deep elf high priest mumbles some strange prayers to its god against you.
Something smites you!
* * * LOW HITPOINT WARNING * * *
The hellion gestures at you.
The sphere of damnation explodes!
The damnation engulfs you!
You die...
Your body glows with a rainbow of weird colours and disappears.

# ## ..#.# ..... # .......##
......#(## #........(.# ..#
#.# #(# #.# #.# #@##.#
####.# {#.. #2##.. ..##.# {
{ #.#+## #e##.# #.##.#
.#######....## #e##.# #.##.#
......e#.....###3##.###.##.#
.{.###1..e....4.e##........#
.e.e..2#.2..{..####...#.####
.#######...[...'.<.......##
{ #.......####.......##


You could see a soul eater, a deep elf demonologist, 2 deep elf high priests and
a hellion.

Vanquished Creatures
  A profane servitor (Abyss:3)
  Jory (Vaults:3)
  Arachne (Spider:4)
  3 golden dragons
  2 bone dragons
  Jorgrun (Vaults:1)
  A tentacled monstrosity (Depths:2)
  Rupert (Lair:4)
  5 titans
  2 liches
  A deep elf master archer (Elf:3)
  2 deep elf blademasters
  3 quicksilver dragons
  An Executioner (Abyss:3)
  3 shadow dragons
  2 thorn hunters
  5 tentacled starspawn (Abyss:3)
  3 sphinxes
  2 storm dragons
  5 tengu reavers
  8 fire giants
  3 deep elf sorcerers
  11 frost giants
  A cacodemon (Abyss:3)
  A balrug (Abyss:3)
  3 emperor scorpions (Spider:3)
  7 ghost moths
  An angel (Abyss:3)
  Louise (Spider:4)
  14 vault wardens
  15 ironheart preservers
  Aizul (Vaults:4)
  22 stone giants
  7 very ugly things
  3 entropy weavers
  2 vampire knights
  A war gargoyle (Vaults:5)
  2 deep elf annihilators (Vaults:5)
  2 deep elf demonologists
  A dire elephant (Lair:6)
  7 spark wasps
  2 eidola
  A merfolk impaler (Depths:1)
  4 deep elf death magi
  2 minotaurs
  A blizzard demon (Abyss:3)
  A quicksilver dragon zombie (Abyss:3)
  7 ettins
  6 fire dragons
  7 great orbs of eyes
  Fannar (Lair:2)
  7 rakshasas
  13 hydras
  13 yaktaur captains
  9 ice dragons
  Harold (Lair:3)
  3 ghost crabs
  30 vault guards
  3 catoblepae
  A spriggan air mage (Depths:2)
  5 death knights
  39 two-headed ogres
  17 dancing weapons
  9 centaur warriors
  6 alligators
  14 ogre magi
  9 death yaks
  8 deep troll earth magi
  A satyr (Vaults:1)
  3 vampire magi
  8 deep troll shamans
  Urug (D:12)
  A queen ant (Spider:4)
  4 hell hogs (Abyss:3)
  10 thrashing horrors
  4 spriggan berserkers
  A shock serpent (shapeshifter) (D:13)
  6 tengu warriors
  A sun demon (Abyss:3)
  7 hell knights (Vaults:4)
  9 deep elf knights
  4 orc high priests (Orc:2)
  2 wretched stars (Abyss:3)
  2 iron trolls (Depths:2)
  A sea snake (shapeshifter) (Vaults:2)
  3 skeletal warriors
  A storm dragon skeleton (D:15)
  2 sixfirhies (Abyss:3)
  2 shadow wraiths
  2 death drakes (shapeshifter)
  3 flayed ghosts
  29 deep trolls
  3 glowing orange brains
  18 ironbrand convokers
  A spriggan druid (Swamp:2)
  3 shambling mangroves
  4 unseen horrors
  8 swamp dragons
  5 wizards
  5 starcursed masses (Abyss:3)
  A tengu zombie (Vaults:4)
  2 harpies (shapeshifter)
  A phantasmal warrior (Vaults:4)
  13 necromancers
  9 deep elf archers
  7 harpies
  17 orc knights
  A lindwurm (shapeshifter) (Vaults:5)
  Pikel (D:4)
  A wolf spider zombie (D:13)
  A faun (Spider:3)
  A shining eye (Abyss:3)
  39 ugly things
  29 wolf spiders
  41 deep elf magi
  A shining eye (shapeshifter) (Vaults:1)
  A moth of wrath (shapeshifter) (Vaults:4)
  11 orb spiders
  2 orc sorcerers
  A salamander (shapeshifter) (Depths:1)
  7 elephants (Lair:6)
  3 centaur zombies
  3 moths of wrath
  3 manticores
  A stone giant zombie (Vaults:1)
  2 rust devils (Abyss:3)
  8 cyclopes
  21 vault sentinels
  2 apocalypse crabs
  A water nymph (shapeshifter) (Vaults:5)
  A guardian serpent (Abyss:3)
  8 smoke demons (Abyss:3)
  A stone giant skeleton (Vaults:4)
  A spiny frog (shapeshifter) (Vaults:5)
  3 black mambas
  7 centaur skeletons
  A torpor snail (shapeshifter) (Vaults:5)
  3 gargoyles
  4 torpor snails
  22 spiny frogs
  2 orange demons (Abyss:3)
  3 kobold demonologists (D:14)
  3 rime drakes
  6 hellwings (Abyss:3)
  13 demonic crawlers
  25 yaktaurs
  4 komodo dragons
  10 freezing wraiths
  6 ancient zymes (Abyss:3)
  An entropy weaver simulacrum (Vaults:3)
  4 tengu conjurers
  8 trolls
  28 jumping spiders
  4 polar bears
  A queen bee (shapeshifter) (Vaults:4)
  21 large abominations
  4 tyrant leeches
  15 blink frogs
  2 hornets (shapeshifter)
  21 hornets
  A harpy skeleton (D:15)
  4 raiju (Abyss:3)
  32 slime creatures
  12 bog bodies
  An alligator zombie (Abyss:3)
  8 hippogriffs
  2 centaur simulacra (D:14)
  A ynoxinul (Abyss:3)
  2 air elementals (Elf:1)
  45 redbacks
  7 water elementals
  4 wyverns
  2 vampires (D:14)
  8 spriggans
  5 shadows
  An ettin skeleton (Abyss:3)
  2 wraiths
  An orc simulacrum (Vaults:1)
  24 tarantellas
  5 basilisks
  A yak (shapeshifter) (Spider:3)
  73 yaks
  9 chaos spawn
  2 hungry ghosts
  20 vampire mosquitoes
  A fire elemental (Elf:2)
  4 neqoxecs (Abyss:3)
  An elf skeleton (Vaults:1)
  2 steam dragons
  Menkaure (D:5)
  26 swamp worms
  3 insubstantial wisps (Abyss:3)
  A warg (Vaults:4)
  An acid dragon (D:13)
  2 nagas (shapeshifter)
  11 water moccasins
  A naga (Abyss:3)
  17 soldier ants
  Duvessa (D:4)
  5 porcupines
  A sky beast (D:5)
  46 orc warriors
  14 swamp drakes
  2 black bears
  6 ice beasts
  A human zombie (Vaults:4)
  2 phantoms (D:12)
  An eye of draining (shapeshifter) (Vaults:5)
  A sky beast (shapeshifter) (D:15)
  3 boggarts
  32 ogres
  12 wolves
  12 crocodiles
  4 centaurs
  2 elf zombies (Elf:1)
  Blork the orc (D:4)
  5 big kobolds
  A yaktaur zombie (Vaults:1)
  9 bullfrogs
  11 small abominations
  A gnoll sergeant (Orc:1)
  Dowan (D:4)
  2 human skeletons
  4 water moccasin zombies (Ossuary)
  2 hornet simulacra (D:15)
  3 scorpions
  4 killer bees
  10 howler monkeys
  An electric eel (Spider:2)
  5 crimson imps
  3 quasits (Abyss:3)
  37 orc priests
  A bullfrog zombie (D:8)
  8 hounds
  A bullfrog skeleton (D:13)
  20 jellies
  24 orc wizards
  An iguana (D:7)
  39 worker ants
  A killer bee zombie (D:4)
  2 hound skeletons
  2 mummies (Ossuary)
  12 gnolls
  A howler monkey skeleton (D:5)
  14 adders
  6 shadow imps
  2 white imps
  An ufetubus (Abyss:3)
  4 oozes
  8 adder zombies (Ossuary)
  2 worms
  3 dart slugs
  8 leopard geckos
  109 orcs
  3 ball pythons
  6 giant cockroaches
  4 gnoll zombies (Ossuary)
  3 goblins
  7 hobgoblins
  14 jackals
  2 quokkas (D:3)
  7 bats
  5 frilled lizards
  6 hobgoblin zombies (Ossuary)
  A jackal zombie (D:7)
  27 kobolds
  2 kobold zombies (Ossuary)
  A leopard gecko skeleton (D:5)
  A leopard gecko zombie (D:9)
  6 orc zombies (Ossuary)
  5 rats
  A butterfly (Lair:3)
  A fungus (Lair:4)
  A plant (Vaults:3)
  A starspawn tentacle (Abyss:3)
1955 creatures vanquished.

Vanquished Creatures (collateral kills)
  Margery (Vaults:4)
  Bai Suzhen (Spider:4)
  Saint Roka (Vaults:4)
  2 titans (Vaults:5)
  A tentacled starspawn (Abyss:3)
  2 tengu reavers (Vaults:5)
  A frost giant (Vaults:4)
  A deep elf sorcerer (Vaults:5)
  A daeva (Abyss:3)
  A fire giant (Vaults:5)
  3 vault wardens
  A deep elf elementalist (Vaults:5)
  An ironheart preserver (Vaults:5)
  A stone giant (Vaults:5)
  A spark wasp (Depths:1)
  A fire dragon (Depths:2)
  A vault guard (Vaults:1)
  5 hydras
  A rakshasa (Abyss:3)
  Erica (D:9)
  A deep troll earth mage (Depths:1)
  2 alligators (Swamp:2)
  2 orc high priests (Orc:2)
  5 dancing weapons
  A spriggan berserker (Depths:2)
  3 deep elf knights
  A hell knight (Vaults:4)
  A deep troll (Vaults:5)
  A swamp dragon (Swamp:3)
  A death drake (Orc:1)
  A spriggan druid (Swamp:4)
  8 deep elf archers
  3 ironbrand convokers
  2 orc knights (Vaults:1)
  An orb spider (Spider:4)
  6 deep elf magi
  A manticore (D:11)
  A human skeleton (Vaults:1)
  A vault sentinel (Vaults:1)
  A torpor snail (Depths:2)
  A freezing wraith (Vaults:1)
  A yaktaur (shapeshifter) (Vaults:5)
  A tormentor (Vaults:1)
  2 yaktaurs
  A polar bear (Lair:6)
  A bog body (Swamp:1)
  3 hornets
  4 blink frogs (Lair:2)
  4 slime creatures
  A shadow (Swamp:3)
  2 spriggans
  A ynoxinul (Abyss:3)
  3 yaks (Lair:1)
  A human (shapeshifter) (D:15)
  3 vampire mosquitoes
  2 swamp worms
  A large abomination (Abyss:3)
  3 soldier ants
  6 ice beasts
  5 orc warriors
  A centaur (shapeshifter) (Vaults:5)
  A boggart (Depths:2)
  An ogre (Vaults:1)
  A small abomination (Abyss:3)
  An electric eel (Lair:1)
  An orc wizard (Vaults:1)
  A worm (D:9)
  5 orcs
  A starspawn tentacle (Abyss:3)
130 creatures vanquished.

Vanquished Creatures (others)
  A quicksilver dragon (Vaults:5)
  A fire giant (Depths:3)
  A slime creature (D:10)
  A deep elf archer (Vaults:1)
  A wizard (D:4)
  A deep elf mage (Elf:2)
  A yaktaur (Vaults:5)
  A demonic crawler (Spider:4)
  A yak (Lair:2)
  A redback (Spider:2)
  2 golden eyes (Abyss:3)
  A swamp drake (Swamp:4)
  A scorpion (D:4)
  An orc (Orc:2)
  A quokka (D:5)
  32 fungi
  A lurking horror (Abyss:3)
  11 plants
  20 starspawn tentacles (Abyss:3)
80 creatures vanquished.

Grand Total: 2165 creatures vanquished

Notes
Turn   | Place    | Note
-------+----------+-------------------------------------------
     0 | D:1      | Ivernyr the Demonspawn Skald began the quest for the Orb.
     0 | D:1      | Reached XP level 1. HP: 16/16 MP: 3/3
   103 | D:1      | Reached skill level 1 in Armour
   523 | D:1      | Gained mutation: When hurt, damage is shared between your health and your magic reserves. [demonic ancestry]
   523 | D:1      | Reached XP level 2. HP: 21/22 MP: 5/5
   540 | D:1      | Learned a level 2 spell: Song of Slaying
   543 | D:1      | Learned a level 2 spell: Shroud of Golubria
  1552 | D:1      | Gained mutation: You are partially covered in rugged brown scales. (AC +1, +3% HP) [demonic ancestry]
  1552 | D:1      | Reached XP level 3. HP: 22/28 MP: 1/6
  2014 | D:2      | Reached XP level 4. HP: 12/35 MP: 1/7
  2787 | D:2      | Found an ancient bone altar of Kikubaaqudgha.
  2790 | D:2      | Found an ornate altar of the Wu Jian Council.
  2793 | D:2      | Found a radiant altar of Vehumet.
  2966 | D:3      | Gained mutation: You sometimes gain a little power by taking damage. [demonic ancestry]
  2966 | D:3      | Reached XP level 5. HP: 41/41 MP: 3/8
  3292 | D:3      | Found a deep blue altar of Sif Muna.
  3895 | D:4      | Found a sand-covered staircase.
  3903 | Ossuary  | Entered an ossuary
  4143 | Ossuary  | Gained mutation: You sometimes gain power by taking damage. [demonic ancestry]
  4143 | Ossuary  | Reached XP level 6. HP: 28/48 MP: 4/9
  4585 | D:4      | Noticed Duvessa
  4585 | D:4      | Noticed Dowan
  4616 | D:4      | Killed Duvessa
  4616 | D:4      | Reached XP level 7. HP: 33/54 MP: 4/10
  4617 | D:4      | Killed Dowan
  4873 | D:4      | Noticed Pikel
  4904 | D:4      | Killed Pikel
  4904 | D:4      | Reached skill level 5 in Armour
  4904 | D:4      | Reached XP level 8. HP: 62/62 MP: 8/11
  5026 | D:4      | Noticed Blork the orc
  5040 | D:4      | Killed Blork the orc
  5288 | D:4      | Found a staircase to the Ecumenical Temple.
  5296 | Temple   | Entered the Ecumenical Temple
  5307 | Temple   | Became a worshipper of Nemelex Xobeh the Trickster
  5446 | D:4      | Found a bloodstained altar of Trog.
  5447 | D:4      | Noticed a wizard
  5454 | D:4      | Killed a wizard
  5659 | D:5      | Entered Level 5 of the Dungeon
  5672 | D:5      | Found a sparkling altar of Nemelex Xobeh.
  5694 | D:5      | Reached skill level 5 in Charms
  5806 | D:5      | Received a gift from Nemelex Xobeh
  5835 | D:5      | Found Sewkymme's Weapon Shoppe.
  5851 | D:5      | Found a shattered altar of Ashenzari.
  5879 | D:5      | Reached skill level 5 in Fighting
  6028 | D:5      | Found a sacrificial altar of Ru.
  6056 | D:5      | Found Myturat's Food Boutique.
  6059 | D:5      | Noticed hofbold's ghost (novice DsBe)
  6223 | D:5      | Reached skill level 1 in Invocations
  6235 | D:5      | Noticed Menkaure
  6247 | D:5      | Killed Menkaure
  6433 | D:5      | Found Azenagh's Distillery.
  6463 | D:5      | Found Weloa's Antique Armour Emporium.
  6470 | D:5      | Reached * piety under Nemelex Xobeh
  6470 | D:5      | Received a gift from Nemelex Xobeh
  6543 | D:5      | Reached skill level 2 in Invocations
  6653 | D:5      | Found a white marble altar of Elyvilon.
  6788 | D:5      | Reached skill level 5 in Long Blades
  6982 | D:6      | Gained mutation: You regenerate magic rapidly. [demonic ancestry]
  6982 | D:6      | Reached XP level 9. HP: 66/70 MP: 7/12
  7409 | D:6      | Received a gift from Nemelex Xobeh
  7421 | D:6      | Reached skill level 3 in Invocations
  7585 | D:6      | Found a glowing golden altar of the Shining One.
  7651 | D:6      | Found a bloodstained altar of Trog.
  7743 | D:6      | Found a burning altar of Makhleb.
  7941 | D:7      | Found an iron altar of Okawaru.
  7943 | D:7      | Found a hide-covered altar of Uskayaw.
  7950 | D:7      | Found a stormy altar of Qazlal.
  8040 | D:7      | Received a gift from Nemelex Xobeh
  8192 | D:7      | Reached skill level 4 in Invocations
  8537 | D:7      | Reached ** piety under Nemelex Xobeh
  9383 | D:8      | Reached skill level 5 in Invocations
 10053 | D:8      | Found a hazy altar of Hepliaklqana.
 10339 | D:9      | Gained mutation: When low on magic, you restore magic in place of health. [demonic ancestry]
 10339 | D:9      | Reached XP level 10. HP: 22/76 MP: 7/14
 10674 | D:9      | Reached *** piety under Nemelex Xobeh
 10684 | D:9      | Received a gift from Nemelex Xobeh
 10743 | D:9      | Found a staircase to the Orcish Mines.
 10755 | D:9      | Noticed a two-headed ogre
 10765 | D:9      | Killed a two-headed ogre
 10765 | D:9      | Reached skill level 6 in Invocations
 11397 | D:9      | Found a staircase to the Lair.
 11411 | D:9      | Received a gift from Nemelex Xobeh
 11740 | D:9      | Reached **** piety under Nemelex Xobeh
 12002 | D:10     | Entered Level 10 of the Dungeon
 12014 | D:10     | Noticed Erica
 12141 | D:10     | Noticed a two-headed ogre
 12155 | D:9      | Killed a two-headed ogre
 12155 | D:9      | Reached skill level 7 in Invocations
 12745 | D:10     | Received a gift from Nemelex Xobeh
 12985 | D:10     | Reached XP level 11. HP: 38/81 MP: 11/16
 13422 | D:9      | Killed Erica
 13422 | D:9      | Reached skill level 10 in Armour
 13422 | D:9      | Reached skill level 8 in Invocations
 13573 | Lair:1   | Entered Level 1 of the Lair of Beasts
 13922 | Lair:1   | Received a gift from Nemelex Xobeh
 13984 | Lair:1   | Learned a level 3 spell: Regeneration
 14136 | Lair:1   | Got a bloodstained chain mail
 14147 | Lair:1   | Identified the +2 chain mail of Resourcefulness {+Inv} (You found it on level 1 of the Lair of Beasts)
 14363 | Lair:1   | Received a gift from Nemelex Xobeh
 14571 | Lair:1   | Reached skill level 9 in Invocations
 15293 | Lair:1   | Reached ***** piety under Nemelex Xobeh
 15310 | Lair:1   | Received a gift from Nemelex Xobeh
 15516 | Lair:2   | HP: 2/81 [crocodile (10)]
 15728 | Lair:2   | Noticed an eight-headed hydra
 15888 | Lair:2   | Noticed a seven-headed hydra
 16844 | Lair:2   | Killed a ten-headed hydra
 16844 | Lair:2   | Reached skill level 10 in Invocations
 16942 | Lair:2   | Noticed Fannar
 17137 | Lair:2   | Killed Fannar
 17137 | Lair:2   | Gained mutation: You have a pair of small antennae on your head. [demonic ancestry]
 17137 | Lair:2   | Reached XP level 12. HP: 64/87 MP: 16/19
 17443 | Lair:2   | Received a gift from Nemelex Xobeh
 17447 | Lair:2   | Noticed a four-headed hydra
 17529 | Lair:2   | Reached skill level 5 in Dodging
 18032 | Lair:2   | Killed a ten-headed hydra
 18839 | Lair:2   | Received a gift from Nemelex Xobeh
 19182 | Lair:3   | Noticed an eight-headed hydra
 19193 | Lair:2   | Reached skill level 11 in Invocations
 19530 | Lair:3   | Noticed Harold
 19545 | Lair:3   | Killed Harold
 19590 | Lair:3   | Found a staircase to the Swamp.
 19615 | Lair:3   | Found a labyrinth entrance.
 19626 | Lab      | Entered a labyrinth
 20110 | Lab      | Noticed a minotaur
 20125 | Lab      | Killed a minotaur
 20128 | Lab      | Got a smoking morningstar {protect}
 20175 | Lab      | Identified the +7 morningstar of Vanity {protect, rElec rC++ Int+3 Dex-2} (You took it off a minotaur in a labyrinth)
 20196 | Lab      | Learned a level 2 spell: Blink
 20669 | Lair:3   | Received a gift from Nemelex Xobeh
 20953 | Lair:3   | Killed a four-headed hydra
 21736 | Lair:4   | Reached skill level 10 in Charms
 22026 | Lair:4   | Noticed a death yak
 22026 | Lair:4   | Noticed a death yak
 22027 | Lair:4   | Noticed a death yak
 22027 | Lair:4   | Noticed a death yak
 22027 | Lair:4   | Noticed a death yak
 22046 | Lair:3   | Killed a death yak
 22046 | Lair:3   | Reached skill level 1 in Translocations
 22046 | Lair:3   | Reached XP level 13. HP: 54/92 MP: 19/21
 22212 | Lair:3   | Reached skill level 12 in Invocations
 22646 | Lair:4   | Reached skill level 10 in Long Blades
 22663 | Lair:4   | Received a gift from Nemelex Xobeh
 22857 | Lair:4   | Found a hazy altar of Hepliaklqana.
 23132 | Lair:4   | Noticed Rupert
 23145 | Lair:4   | Killed Rupert
 23309 | Lair:4   | Found a hole to the Spider Nest.
 23757 | Lair:4   | Got a faintly glowing long sword
 23759 | Lair:4   | Identified the +5 long sword "Guxzyd Wuha" {flame, *Slow +Rage rN++ Int+3} (You found it on level 4 of the Lair of Beasts)
 24042 | Lair:5   | Received a gift from Nemelex Xobeh
 24156 | Lair:5   | Got a transparent lajatang
 24157 | Lair:5   | Identified the cursed +1 lajatang of Conformity {freeze, rF+ rN+ Str-5 Dex+6} (You found it on level 5 of the Lair of Beasts)
 24358 | Lair:5   | Received a gift from Nemelex Xobeh
 24517 | Lair:5   | Reached ****** piety under Nemelex Xobeh
 24732 | Lair:5   | Received a gift from Nemelex Xobeh
 24757 | Lair:5   | Found a staircase to the Slime Pits.
 25045 | Lair:6   | Entered Level 6 of the Lair of Beasts
 25262 | Lair:6   | Reached skill level 13 in Invocations
 25417 | Lair:6   | Received a gift from Nemelex Xobeh
 25680 | Lair:6   | Noticed a dire elephant
 25693 | Lair:6   | Killed a dire elephant
 25693 | Lair:6   | Reached XP level 14. HP: 79/103 MP: 18/23
 25935 | Lair:6   | Reached skill level 5 in Translocations
 26551 | Lair:6   | Received a gift from Nemelex Xobeh
 26652 | Lair:6   | Reached skill level 10 in Dodging
 26913 | D:11     | Noticed Urug
 27180 | D:11     | Found Gufedade's Jewellery Shop.
 28050 | D:11     | Received a gift from Nemelex Xobeh
 28781 | D:12     | Killed Urug
 28822 | D:12     | Received a gift from Nemelex Xobeh
 29055 | D:12     | Reached skill level 14 in Invocations
 29459 | D:13     | Found Inustu Lile's Food Shop.
 29517 | D:13     | Received a gift from Nemelex Xobeh
 30205 | D:13     | Received a gift from Nemelex Xobeh
 30789 | D:14     | Found Yhetam's Blood Bar.
 31136 | D:14     | Received a gift from Nemelex Xobeh
 31369 | D:14     | Gained mutation: You are mostly covered in rugged brown scales. (AC +2, +5% HP) [demonic ancestry]
 31369 | D:14     | Reached XP level 15. HP: 54/116 MP: 16/26
 31634 | D:14     | Got a pitted pewter ring
 31636 | D:14     | Identified the ring "Vihilam" {rC+ rN++} (You found it on level 14 of the Dungeon)
 31666 | D:14     | Learned a level 4 spell: Passage of Golubria
 32225 | D:14     | Paralysed by a hornet for 1 turns
 32596 | D:14     | Reached skill level 15 in Invocations
 32639 | D:14     | Found a gate to the Vaults.
 32736 | D:14     | Received a gift from Nemelex Xobeh
 32843 | D:15     | Entered Level 15 of the Dungeon
 34154 | D:15     | Received a gift from Nemelex Xobeh
 34597 | D:15     | Found a staircase to the Depths.
 35033 | Orc:1    | Entered Level 1 of the Orcish Mines
 35135 | Orc:1    | Found Vischu's General Store.
 35240 | Orc:2    | Entered Level 2 of the Orcish Mines
 35240 | Orc:2    | Found Udou's Assorted Antiques.
 35262 | Orc:2    | Found a staircase to the Elven Halls.
 35290 | Orc:2    | Bought a scroll of teleportation for 84 gold pieces
 35359 | Orc:2    | Received a gift from Nemelex Xobeh
 36983 | Orc:1    | HP: 4/119 [orc knight/uncursed great sword (24)]
 38043 | Orc:2    | Found Rinuodar's Antique Armour Emporium.
 38046 | Orc:2    | Found Meinimnaz's Magic Scroll Emporium.
 38048 | Orc:2    | Found Olisch's Jewellery Shoppe.
 38049 | Orc:2    | Found Houvext's Jewellery Emporium.
 38056 | Orc:2    | Bought a bloodstained hat for 315 gold pieces
 38061 | Orc:2    | Identified the +1 hat of Free Will {*Corrode rC+ MR- Dex+10} (You bought it in a shop on level 2 of the Orcish Mines)
 38076 | Orc:2    | Bought a runed troll leather armour for 630 gold pieces
 38294 | Orc:1    | Reached skill level 10 in Fighting
 38704 | Elf:1    | Entered Level 1 of the Elven Halls
 38704 | Elf:1    | Received a gift from Nemelex Xobeh
 38932 | Elf:1    | Reached skill level 16 in Invocations
 39922 | Elf:1    | Received a gift from Nemelex Xobeh
 40013 | Elf:1    | Gained mutation: You have a pair of antennae on your head. [demonic ancestry]
 40013 | Elf:1    | Reached XP level 16. HP: 82/129 MP: 26/28
 40294 | Elf:1    | Identified the Catalogue of Evil Secrets
 41598 | Elf:2    | Found Gutous's Jewellery Boutique.
 41619 | Elf:2    | HP: 5/130 [deep elf knight/shard of ice (13)]
 41620 | Elf:2    | HP: 2/130 [deep elf archer/arrow (1)]
 41625 | Elf:2    | HP: 5/130 [poisoned by a battleaxe of venom]
 41649 | Elf:2    | HP: 1/130 [deep elf archer/arrow (10)]
 42080 | Elf:2    | Cast into level 3 of the Abyss (a deep elf sorcerer)
 42203 | Abyss:3  | Noticed an ancient lich
 42416 | Abyss:3  | Noticed a tentacled starspawn
 42418 | Abyss:3  | Noticed a lich
 42435 | Abyss:3  | Noticed a lich
 42816 | Abyss:3  | Noticed a tentacled starspawn
 42822 | Abyss:3  | Received a gift from Nemelex Xobeh
 42850 | Abyss:3  | Killed a tentacled starspawn
 43004 | Abyss:3  | Noticed a tentacled starspawn
 43019 | Abyss:3  | Killed a tentacled starspawn
 43204 | Elf:2    | Escaped the Abyss
 43403 | Elf:2    | Received a gift from Nemelex Xobeh
 43697 | Elf:2    | Reached skill level 17 in Invocations
 43764 | Elf:2    | Found a huge runed gate.
 43764 | Elf:2    | Found a huge runed gate.
 43764 | Elf:2    | Found a huge runed gate.
 43764 | Elf:2    | Found a huge runed gate.
 43766 | Elf:2    | Found a huge runed gate.
 44029 | Elf:2    | Reached skill level 10 in Translocations
 45226 | Elf:2    | Noticed a deep elf blademaster
 45614 | Elf:2    | Killed a deep elf blademaster
 46309 | Swamp:1  | Entered Level 1 of the Swamp
 46314 | Swamp:1  | Received a gift from Nemelex Xobeh
 46473 | Swamp:1  | Reached XP level 17. HP: 65/137 MP: 29/29
 47582 | Swamp:2  | Received a gift from Nemelex Xobeh
 47674 | Swamp:2  | Got a heavily jewelled robe
 47685 | Swamp:2  | Identified the +1 robe of Tenacity {Int+4} (You found it on level 2 of the Swamp)
 48453 | Swamp:2  | Received a gift from Nemelex Xobeh
 48754 | Swamp:2  | Received a gift from Nemelex Xobeh
 49091 | Swamp:3  | Reached skill level 18 in Invocations
 49442 | Swamp:3  | Received a gift from Nemelex Xobeh
 49777 | Swamp:4  | Entered Level 4 of the Swamp
 49845 | Swamp:4  | Reached skill level 5 in Spellcasting
 49891 | Swamp:4  | Got a crude bronze ring
 49921 | Swamp:4  | Identified the ring "Tolapt" {Fire Int+3 Dex+3 Stlth+} (You found it on level 4 of the Swamp)
 50379 | Swamp:4  | Received a gift from Nemelex Xobeh
 50881 | Swamp:4  | Got a decaying rune of Zot
 51585 | Spider:1 | Entered Level 1 of the Spider Nest
 51850 | Spider:1 | Received a gift from Nemelex Xobeh
 52380 | Spider:2 | Reached XP level 18. HP: 110/144 MP: 31/31
 52603 | Spider:2 | Received a gift from Nemelex Xobeh
 53687 | Spider:3 | Reached skill level 19 in Invocations
 53784 | Spider:3 | Received a gift from Nemelex Xobeh
 53986 | Spider:3 | Paralysed by a hornet for 3 turns
 54491 | Spider:4 | Entered Level 4 of the Spider Nest
 55138 | Spider:4 | Learned a level 2 spell: Passwall
 55184 | Spider:4 | Received a gift from Nemelex Xobeh
 55207 | Spider:4 | Noticed Bai Suzhen
 55251 | Spider:4 | Killed Bai Suzhen
 55567 | Spider:4 | Noticed Louise
 55600 | Spider:4 | Cast into level 3 of the Abyss (Louise)
 55742 | Abyss:3  | Gained mutation: You have sharp fingernails. [a neqoxec]
 55743 | Abyss:3  | Gained mutation: Scrolls take you a little longer to read. [a neqoxec]
 55761 | Abyss:3  | Gained mutation: You are occasionally teleported next to monsters. [a cacodemon]
 55764 | Abyss:3  | Gained mutation: You are frail. (-10% HP) [a cacodemon]
 55765 | Abyss:3  | Gained mutation: Scrolls take you longer to read. [a cacodemon]
 55766 | Abyss:3  | Gained mutation: You are sometimes teleported next to monsters. [a cacodemon]
 55851 | Spider:4 | Escaped the Abyss
 55875 | Spider:4 | Killed Louise
 56085 | Spider:4 | Got a scorched large shield
 56089 | Spider:4 | Reached skill level 15 in Armour
 56170 | Spider:4 | Noticed Arachne
 56208 | Spider:4 | Killed Arachne
 56289 | Spider:4 | Lost mutation: Scrolls take you longer to read. [potion of mutation]
 56289 | Spider:4 | Lost mutation: You are sometimes teleported next to monsters. [potion of mutation]
 56289 | Spider:4 | Lost mutation: You have sharp fingernails. [potion of mutation]
 56289 | Spider:4 | Gained mutation: Your body sometimes deteriorates upon taking damage. [potion of mutation]
 56289 | Spider:4 | Gained mutation: Your muscles are strong. (Str +2) [potion of mutation]
 56289 | Spider:4 | Gained mutation: You are resistant to electric shocks. (rElec) [potion of mutation]
 56290 | Spider:4 | Lost mutation: You are frail. (-10% HP) [potion of mutation]
 56290 | Spider:4 | Lost mutation: Scrolls take you a little longer to read. [potion of mutation]
 56290 | Spider:4 | Lost mutation: You are resistant to electric shocks. (rElec) [potion of mutation]
 56290 | Spider:4 | Lost mutation: Your muscles are strong. (Str +2) [potion of mutation]
 56290 | Spider:4 | Gained mutation: Your muscles are strong. (Str +2) [potion of mutation]
 56290 | Spider:4 | Gained mutation: You have large cloven feet. [potion of mutation]
 56291 | Spider:4 | Lost mutation: Your muscles are strong. (Str +2) [potion of mutation]
 56291 | Spider:4 | Gained mutation: Your spells are a little harder to cast, but a little more powerful. [potion of mutation]
 56291 | Spider:4 | Gained mutation: You have an increased reservoir of magic. (+10% MP) [potion of mutation]
 56291 | Spider:4 | Gained mutation: You evolve. [potion of mutation]
 56292 | Spider:4 | Lost mutation: Your body sometimes deteriorates upon taking damage. [potion of mutation]
 56292 | Spider:4 | Lost mutation: Your spells are a little harder to cast, but a little more powerful. [potion of mutation]
 56292 | Spider:4 | Gained mutation: You have a beak for a mouth. [potion of mutation]
 56292 | Spider:4 | Gained mutation: You do not regenerate when monsters are visible. [potion of mutation]
 56292 | Spider:4 | Gained mutation: You have a pair of large antennae on your head. (SInv) [potion of mutation]
 56293 | Spider:4 | Lost mutation: You have large cloven feet. [potion of mutation]
 56293 | Spider:4 | Lost mutation: You do not regenerate when monsters are visible. [potion of mutation]
 56293 | Spider:4 | Lost mutation: You have an increased reservoir of magic. (+10% MP) [potion of mutation]
 56293 | Spider:4 | Lost mutation: You are occasionally teleported next to monsters. [potion of mutation]
 56293 | Spider:4 | Gained mutation: Armour fits poorly on your strangely shaped body. [potion of mutation]
 56293 | Spider:4 | Lost mutation: Armour fits poorly on your strangely shaped body. [potion of mutation]
 56293 | Spider:4 | Gained mutation: Your flesh is heat resistant. (rF+) [potion of mutation]
 56592 | Spider:4 | Received a gift from Nemelex Xobeh
 56937 | Spider:3 | Gained mutation: You are completely covered in rugged brown scales. (AC +3, +7% HP) [demonic ancestry]
 56937 | Spider:3 | Reached XP level 19. HP: 54/154 MP: 27/32
 57147 | Spider:4 | Got a gossamer rune of Zot
 57443 | Vaults:1 | Entered Level 1 of the Vaults
 57577 | Vaults:1 | Noticed Jorgrun
 57606 | Vaults:1 | Killed Jorgrun
 57697 | Vaults:1 | Gained mutation: You are clumsy. (Dex -2) [a shining eye]
 57701 | Vaults:1 | Reached skill level 20 in Invocations
 58545 | Vaults:1 | Lost mutation: You are clumsy. (Dex -2) [evolution]
 58897 | Vaults:1 | Received a gift from Nemelex Xobeh
 59241 | Vaults:1 | Received a gift from Nemelex Xobeh
 59606 | Vaults:2 | Received a gift from Nemelex Xobeh
 59814 | Vaults:1 | Cast into level 3 of the Abyss (a deep elf demonologist)
 60031 | Abyss:3  | Gained mutation: You are weak. (Str -2) [a shining eye]
 60203 | Abyss:3  | Noticed a bone dragon
 60220 | Abyss:3  | Killed a bone dragon
 60358 | Vaults:1 | Escaped the Abyss
 60473 | Vaults:1 | Lost mutation: Your flesh is heat resistant. (rF+) [potion of mutation]
 60473 | Vaults:1 | Lost mutation: You have a pair of large antennae on your head. (SInv) [potion of mutation]
 60473 | Vaults:1 | Gained mutation: Scrolls take you a little longer to read. [potion of mutation]
 60473 | Vaults:1 | Gained mutation: You are agile. (Dex +2) [potion of mutation]
 60473 | Vaults:1 | Lost mutation: You are weak. (Str -2) [potion of mutation]
 60594 | Vaults:2 | Reached XP level 20. HP: 131/161 MP: 28/34
 60613 | Vaults:2 | Reached skill level 10 in Spellcasting
 61210 | Vaults:2 | Identified the +9 large shield of Creativity {rElec rC+} (You took it off Louise on level 4 of the Spider Nest)
 61235 | Vaults:2 | Received a gift from Nemelex Xobeh
 61235 | Vaults:2 | Received a gift from Nemelex Xobeh
 61690 | Vaults:2 | Found Jurhuf's Distillery.
 61693 | Vaults:2 | Bought a potion of heal wounds for 85 gold pieces
 61693 | Vaults:2 | Bought a potion of mutation for 136 gold pieces
 61693 | Vaults:2 | Bought a potion of heal wounds for 85 gold pieces
 62026 | Vaults:3 | Found Vehiaguh's Armour Shoppe.
 62913 | Vaults:3 | Noticed Jory
 63043 | Vaults:3 | Lost mutation: Scrolls take you a little longer to read. [evolution]
 63148 | Vaults:3 | Found Vepov's Antique Weapon Shop.
 63179 | Vaults:3 | Reached skill level 21 in Invocations
 63351 | Vaults:3 | Found Igharchi's Book Shop.
 63407 | Vaults:3 | Identified the Grimoire of Cold and Dark Magic
 63661 | Vaults:3 | Found a staircase to the Crypt.
 63711 | Vaults:3 | Killed Jory
 63769 | Vaults:3 | Paralysed by an ogre mage for 3 turns
 63813 | Vaults:3 | Found Boraen's General Store.
 64075 | Vaults:3 | Received a gift from Nemelex Xobeh
 64466 | Vaults:3 | Found Ungoixun's Magic Scroll Shoppe.
 64786 | Vaults:4 | Received a gift from Nemelex Xobeh
 65264 | Vaults:4 | Noticed Aizul
 65304 | Vaults:4 | Gained mutation: You have a pair of large antennae on your head. (SInv) [demonic ancestry]
 65304 | Vaults:4 | Reached XP level 21. HP: 46/167 MP: 24/36
 65311 | Vaults:4 | Killed Aizul
 65718 | Vaults:4 | Paralysed by an ogre mage for 7 turns
 66005 | Vaults:4 | Noticed Margery
 66010 | Vaults:4 | Killed Margery
 66049 | Vaults:4 | Noticed Saint Roka
 66068 | Vaults:4 | Killed Saint Roka
 66327 | Vaults:4 | Received a gift from Nemelex Xobeh
 67823 | Vaults:5 | Entered Level 5 of the Vaults
 68246 | Vaults:4 | Gained mutation: You are robust. (+10% HP) [evolution]
 68607 | Vaults:4 | Reached skill level 22 in Invocations
 69803 | Vaults:5 | Reached skill level 15 in Long Blades
 69883 | Vaults:5 | Received a gift from Nemelex Xobeh
 69917 | Vaults:5 | Got a silver rune of Zot
 70490 | Vaults:5 | Gained mutation: Your flesh is cold resistant. (rC+) [demonic ancestry]
 70490 | Vaults:5 | Reached XP level 22. HP: 119/193 MP: 35/38
 71507 | Vaults:5 | Got a clouded glass ring
 71573 | Vaults:5 | Identified the ring of Kewkuiru {rF+ MR+ Int+6 Dex-2} (You took it off an ogre mage on level 5 of the Vaults)
 71632 | Vaults:5 | Got a translucent ruby amulet
 71634 | Vaults:5 | Identified the amulet "Deodetue" {RegenMP *Drain +Blink Str+4 Dex+2} (You took it off a vault warden on level 5 of the Vaults)
 71751 | Vaults:5 | Noticed a golden dragon
 72306 | Vaults:5 | Found the +0 mask of the Dragon {MR+ Slay+3 SInv}
 72642 | Vaults:5 | Killed a golden dragon
 73002 | Vaults:5 | Received a gift from Nemelex Xobeh
 73803 | Depths:1 | Entered Level 1 of the Depths
 74118 | Depths:1 | Found a gateway to Hell.
 74198 | Depths:1 | Found a one-way gate to the infinite horrors of the Abyss.
 75189 | Depths:1 | Received a gift from Nemelex Xobeh
 75390 | Depths:1 | Got a brightly glowing scale mail
 75401 | Depths:1 | Identified the +3 scale mail of Reude {MR+ Regen+ Stlth-} (You found it on level 1 of the Depths)
 75594 | Depths:2 | Found a gateway to a ziggurat.
 75927 | D:5      | Lost mutation: You are robust. (+10% HP) [evolution]
 76593 | Depths:2 | Received a gift from Nemelex Xobeh
 76810 | Depths:2 | Found Cyjoh's Armour Emporium.
 76850 | Depths:2 | Reached skill level 23 in Invocations
 77690 | Depths:2 | Received a gift from Nemelex Xobeh
 77903 | Depths:2 | Reached XP level 23. HP: 149/184 MP: 35/39
 77910 | Depths:2 | Paralysed by a great orb of eyes for 6 turns
 78124 | Depths:2 | Paralysed by a great orb of eyes for 7 turns
 78549 | Depths:2 | Paralysed by a vampire knight for 5 turns
 78795 | Depths:2 | Found a snail-covered altar of Cheibriados.
 79375 | Depths:3 | Paralysed by a vampire knight for 7 turns
 80444 | Depths:3 | Found a one-way gate leading to the halls of Pandemonium.
 80470 | Depths:3 | Received a gift from Nemelex Xobeh
 81112 | Elf:3    | Entered Level 3 of the Elven Halls
 81175 | Elf:3    | Cast into level 3 of the Abyss (a deep elf sorcerer)
 81537 | Abyss:3  | Gained mutation: Your body sometimes deteriorates upon taking damage. [a neqoxec]
 81804 | Elf:3    | Escaped the Abyss
 81854 | Elf:3    | HP: 7/188 [deep elf high priest/divine providence (8)]
 81854 | Elf:3    | Killed from afar by a hellion

Skill      XL: |  1  2  3  4  5  6  7  8  9 10 11 12 13 14 15 16 17 18 19 20 21 22 23 |
---------------+----------------------------------------------------------------------+-----
Armour         | 1 2 3 4 5 6 8 9 10 11 12 13 14 15 16 17 18 19 20 | 20.8
Long Blades    | 2 3 4 5 6 7 8 9 10 11 12 13 14 15 16 | 16.5
Charms         | 3 4 5 6 7 8 10 | 10.0
Fighting       | 3 4 5 6 8 10 11 12 14 | 14.0
Invocations    | 2 5 7 10 11 13 14 16 17 18 19 20 21 22 23 | 23.8
Dodging        | 4 6 9 10 | 10.0
Translocations | 1 4 6 8 10 | 10.1
Spellcasting   | 3 6 8 9 11 12 | 12.1

Action                   |  1- 3 |  4- 6 |  7- 9 | 10-12 | 13-15 | 16-18 | 19-21 | 22-24 || total
-------------------------+-------+-------+-------+-------+-------+-------+-------+-------++-------
Melee: Falchion          |   121 |    46 |       |       |       |       |       |       ||   167
       Great sword       |       |   122 |   303 |   522 |    77 |       |       |       ||  1024
       Scimitar          |       |       |       |     4 |    11 |       |       |       ||    15
       Triple sword      |       |       |       |       |   954 |  1312 |  1395 |  1015 ||  4676
       Peck              |       |       |       |       |       |    13 |   486 |   438 ||   937
Throw: Javelin           |       |     3 |       |     5 |       |       |       |       ||     8
 Cast: Shroud of Golubri |     5 |     9 |    27 |    62 |    68 |    78 |    80 |    58 ||   387
       Song of Slaying   |     2 |     3 |    18 |    25 |    40 |    55 |    64 |    46 ||   253
       Infusion          |     1 |       |     1 |     4 |     1 |       |       |       ||     7
       Regeneration      |       |       |       |    13 |     6 |    24 |    62 |    63 ||   168
       Passage of Golubr |       |       |       |       |       |     1 |       |     3 ||     4
       Blink             |       |       |       |       |       |     4 |     9 |     2 ||    15
Invok: Stack Five        |       |       |       |       |     1 |       |       |       ||     1
Evoke: Deck              |       |       |       |    49 |    30 |    73 |    68 |    24 ||   244
       Wand              |       |       |       |     1 |       |     1 |       |       ||     2
  Use: Scroll            |       |     8 |     4 |     8 |    17 |    24 |     7 |     7 ||    75
       Potion            |       |       |       |     8 |     2 |    14 |     5 |       ||    29
 Stab: Distracted        |       |       |       |     4 |     2 |     5 |     4 |     2 ||    17
       Petrified         |       |       |       |    10 |     2 |       |     9 |       ||    21
       Confused          |       |       |       |     1 |       |       |       |       ||     1
       Petrifying        |       |       |       |       |     1 |       |     1 |       ||     2
       Held in net/web   |       |       |       |       |       |     1 |       |       ||     1
       Sleeping          |       |       |       |       |       |     1 |       |       ||     1
       Fleeing           |       |       |       |       |       |       |       |     1 ||     1
  Eat: Chunk             |     4 |     8 |    15 |    32 |    51 |    38 |    33 |    35 ||   216
       Ration            |       |       |     3 |     4 |     5 |     8 |     5 |     2 ||    27
Armor: Leather armour    |    51 |    52 |   135 |   124 |       |       |       |       ||   362
       Ring mail         |       |       |       |    80 |   476 |   284 |       |       ||   840
       Robe              |       |       |       |    21 |       |       |       |       ||    21
       Swamp dragon scal |       |       |       |       |       |   683 |   786 |   518 ||  1987
       Quicksilver drago |       |       |       |       |       |       |       |    15 ||    15
Dodge: Dodged            |   141 |   131 |   287 |   664 |  1481 |  2557 |  1732 |  1359 ||  8352
       Deflected         |       |       |       |       |       |       |       |     6 ||     6
       Rpst.: Falchion   |    39 |    15 |       |       |       |       |       |       ||    54
       Great sword       |       |    30 |    84 |   200 |    27 |       |       |       ||   341
       Scimitar          |       |       |       |     1 |     3 |       |       |       ||     4
       Triple sword      |       |       |       |       |   327 |   478 |   380 |   258 ||  1443
